 Dungeon Crawl Stone Soup version 0.17-a0-1521-gbe3fe00 (console) character file.

246 Monkaria the Poker (level 5, -3/69 HPs)
             Began as a Minotaur Berserker on July 14, 2015.
             Was a Priest of Trog.
             Slain by a gnoll
             ... wielding a +0 flail
              (7 damage)
             ... on level 4 of the Dungeon.
             The game lasted 00:03:55 (2910 turns).

Monkaria the Poker (Minotaur Berserker)             Turns: 2910, Time: 00:03:55

Health: -3/69      AC:  3    Str: 27    XL:     5   Next: 84%
Magic:  4/4        EV: 12    Int:  5    God:    Trog [***...]
Gold:   158        SH:  0    Dex: 13    Spells: 0 memorised, 4 levels left

rFire  . . .     SeeInvis +     a - +0 spear
rCold  . . .     Clarity  .     b - +0 animal skin
rNeg   . . .     SustAt   .     (no shield)
rPois  .         Gourm    .     (helmet restricted)
rElec  .         Spirit   .     m - +0 cloak
rCorr  .         Warding  .     (no gloves)
rMut   .         Stasis   .     (no boots)
MR     ++...                    (no amulet)
Stlth  ..........               t - ring of see invisible
                                d - +4 ring of dexterity

@: berserking, regenerating, very quick, very resistant to hostile enchantments,
extremely unstealthy
A: retaliatory headbutt, horns 2
a: Burn Spellbooks, Berserk, Trog's Hand, Renounce Religion


You were on level 4 of the Dungeon.
You worshipped Trog.
Trog was most pleased with you.
You were hungry.

You visited 1 branch of the dungeon, and saw 4 of its levels.

You collected 158 gold pieces.

Inventory:

Hand weapons
 a - a +0 spear (weapon)
Missiles
 s - 6 javelins (quivered)
 u - 4 tomahawks
 x - 24 poisoned needles
Armour
 b - a +0 animal skin (worn)
 m - a +0 cloak (worn)
Jewellery
 d - a +4 ring of dexterity (left hand)
 t - a ring of see invisible (right hand)
Scrolls
 f - 3 scrolls of enchant weapon {unknown}
 j - a scroll of identify
 k - a scroll of fear {unknown}
 p - a scroll of recharging {unknown}
 q - a scroll of blinking {unknown}
 v - a scroll of teleportation {unknown}
 w - a scroll of random uselessness {unknown}
Potions
 e - a potion of heal wounds
 g - a potion of invisibility
 h - a potion of flight
 l - a potion of agility
 o - a potion of magic
 z - a potion of berserk rage {unknown}
Books
 r - a book of Clouds

   Spells                             Type                      Level
   a - Mephitic Cloud                 Conjuration/Poison/Air       3
   b - Conjure Flame                  Conjuration/Fire             3
   c - Poisonous Cloud                Conjuration/Poison/Air       6
   d - Freezing Cloud                 Conjuration/Ice/Air          6
   e - Ring of Flames                 Charms/Fire                  7
   Trog disapproves of the use of such an item.
Comestibles
 c - a bread ration
 i - 2 meat rations
 n - 8 fruits
 A - a chunk of flesh


   Skills:
 - Level 4.2 Fighting
 + Level 7.7 Polearms
 - Level 2.4 Armour
 - Level 2.1 Dodging


You had 4 spell levels left.
You didn't know any spells.

Dungeon Overview and Level Annotations

Branches:
Dungeon (4/15)
 Temple: D:4-7

Altars:
Dithmenos
Gozag
Qazlal
Ru


Innate Abilities, Weirdness & Mutations

You reflexively headbutt those who attack you in melee.
You have a pair of horns on your head.


Message History

* * * LOW HITPOINT WARNING * * *
Use which ability? (? or * to list)
A red film seems to cover your vision as you go berserk!
You feel yourself moving faster!
You feel mighty!
You are feeling hungry.
The bat closely misses you. You furiously retaliate!
You headbutt the bat. The gnoll closely misses you. You furiously retaliate!
You headbutt the gnoll. The giant gecko barely misses you.
You furiously retaliate!
You headbutt the giant gecko!!
You kill the giant gecko!
Trog accepts your kill. The gnoll closely misses you.
The gnoll hits you from afar with a spear!
* * * LOW HITPOINT WARNING * * *
You hit the gnoll. Your headbutt misses the gnoll.
The gnoll is heavily wounded.
The gnoll hits you.
* * * LOW HITPOINT WARNING * * *
The gnoll barely misses you. The gnoll hits you with a flail!
You die...

#...#.....#.....##
#...###.###......#
#.........#......#
#......#..#......#
#.....†..[[.)....#
#.......##.......#
#.........<)g....#
###.....[.gggb...#
#.........@....#
#..............#
#...>........###
#............#
..............#
...............#
..%............#
...........%...#


You could see 4 gnolls and a bat.

Vanquished Creatures
  A scorpion (D:4)
  3 orc wizards
  5 adders
  3 giant geckos
  5 orcs
  A ball python (D:4)
  7 bats
  7 goblins
  10 hobgoblins
  4 jackals (D:2)
  2 quokkas
  4 giant cockroaches
  4 giant newts
  3 kobolds
  7 rats
66 creatures vanquished.

Notes
Turn   | Place    | Note
--------------------------------------------------------------
     0 | D:1      | Monkaria the Minotaur Berserker began the quest for the Orb.
     0 | D:1      | Reached XP level 1. HP: 19/19 MP: 0/0
   147 | D:1      | Reached skill level 4 in Fighting
   288 | D:1      | Reached XP level 2. HP: 12/27 MP: 1/1
  1037 | D:2      | Reached XP level 3. HP: 33/33 MP: 2/2
  1040 | D:2      | Acquired Trog's second power
  1152 | D:2      | Reached skill level 5 in Polearms
  1297 | D:2      | Found a stormy altar of Qazlal.
  1525 | D:3      | Found a faded altar to an unknown god.
  1597 | D:2      | Reached XP level 4. HP: 19/40 MP: 3/3
  1812 | D:3      | Found a sacrificial altar of Ru.
  1941 | D:3      | Reached skill level 6 in Polearms
  2211 | D:3      | Found a shadowy altar of Dithmenos.
  2420 | D:4      | Reached XP level 5. HP: 36/46 MP: 4/4
  2431 | D:4      | Reached skill level 7 in Polearms
  2720 | D:4      | Found an opulent altar of Gozag.
  2910 | D:4      | Slain by a gnoll

Vault maps used:
D:1:      lightli_arrival_statue_moat
D:2:      nicolae_qazlal_eye_of_the_storm
D:3:      lemuel_crystal_altar, nicolae_ru_great_annihilating_truth,
          ecumenical_altar_1
D:4:      nicolae_gozag_cash_rules_everything_around_me,
          yredelemnul_forgotten_temple_becter, first_bread, uniq_eustachio

Action                   |  1- 3 |  4- 6 || total
-------------------------+-------+-------++-------
Melee: Spear             |    96 |    96 ||   192
Invok: Berserk           |       |     1 ||     1
       Trog's Hand       |       |     1 ||     1
  Use: Scroll            |       |     5 ||     5
       Potion            |       |     2 ||     2
 Stab: Sleeping          |     1 |     2 ||     3
       Paralysed         |       |     2 ||     2
  Eat: Chunk             |     2 |     4 ||     6
